 Dungeon Crawl Stone Soup version 0.22-a0-189-g981819d (webtiles) character file.

807 wolfsongas the Chopper (level 7, -1/96 HPs)
             Began as a Deep Dwarf Fighter on Feb 15, 2018.
             Killed by divine providence
             ... invoked by an orc priest
              (8 damage)
             ... on level 4 of the Dungeon.
             The game lasted 00:05:03 (2393 turns).

wolfsongas the Chopper (Deep Dwarf Fighter)         Turns: 2393, Time: 00:05:03

Health: -1/96      AC: 23    Str: 22    XL:     7   Next: 60%
Magic:  6/6        EV:  2    Int:  8    God:
Gold:   210        SH: 10    Dex: 12    Spells: 6/6 levels left

rFire    + . .     SeeInvis +   a - +1 war axe
rCold    + . .     Gourm    .   c - +0 shield
rNeg     + + +     Faith    .   (armour currently unavailable)
rPois    +         Spirit   .   (helmet currently unavailable)
rElec    +         Reflect  .   (cloak currently unavailable)
rCorr    +         Harm     .   (gloves currently unavailable)
MR       +....     NoTele   +   (boots currently unavailable)
Stlth    +.........             (no amulet)
HPRegen  0.00/turn              m - ring of positive energy
MPRegen  0.10/turn              r - ring of see invisible

@: tree-form (expiring), resistant, non-regenerating
A: damage resistance, heal wounds, sense surroundings 2, no regeneration
a: Heal Wounds


You were on level 4 of the Dungeon.
You were not hungry.
You were a tree.
You visited 1 branch of the dungeon, and saw 4 of its levels.

You collected 210 gold pieces.

Inventory:

Hand Weapons
 a - a +1 war axe (weapon)
Armour
 b - a +0 scale mail (melded)
 c - a +0 shield (worn)
Jewellery
 m - a ring of positive energy (left branch)
 r - a ring of see invisible (right branch)
Wands
 l - a wand of polymorph (13)
 n - a wand of iceblast (6)
Scrolls
 e - 2 scrolls of teleportation
 q - 2 scrolls of identify
Potions
 d - 2 potions of might
 g - 2 potions of agility
 j - 2 potions of curing
 k - 4 potions of flight
 o - a potion of resistance
 p - a potion of haste
Comestibles
 f - 10 rations
 i - 6 chunks of flesh


   Skills:
 + Level 4.1 Fighting
 * Level 5.7 Axes
 + Level 4.9 Armour
 + Level 3.6 Dodging
 + Level 5.0 Shields


You had 6 spell levels left.
You didn't know any spells.

Dungeon Overview and Level Annotations

Branches:
Dungeon (4/15)
 Temple: D:4-7

Altars:
Ashenzari
Fedhas
Okawaru
Yredelemnul
The Shining One


Innate Abilities, Weirdness & Mutations

You are resistant to damage.
You can heal yourself by infusing magical energy.
You passively map the area around you.
You do not regenerate.
((You have a beak for a mouth.))
((Armour fits poorly on your strangely shaped body.))


Message History

You hit the orc wizard.
The orc wizard is almost dead.
The orc throws a tomahawk.
The tomahawk hits the orc wizard.
The orc wizard dies!
You hit the orc wizard.
The orc wizard is moderately wounded.
The orc wizard hits you but does no damage.
You barely miss the orc wizard.
The orc wizard is moderately wounded.
The orc wizard hits you but does no damage.
You block the orc wizard's attack.
You barely miss the orc wizard.
The orc wizard is moderately wounded.
You block the orc wizard's attack.
You slash the orc wizard!
The orc wizard is almost dead.
Your transformation is almost over.
The orc priest mumbles some strange prayers to Beogh against you.
Beogh smites you!
You die...

####+##......#....#
#.......#
#.##......#..#.####...(...#
#>................'.###(###
###........#.##.####.##((≈.#
##..........#.##.# #.#.(((##
#...........#.##.# #.##≈.≈.#
#................# #.#.≈.≈##
#.....#'#..#.##### ####≈.≈.#
#.....#.#..#♣# #.≈.≈##
####+##:##.#o# ###_##
#.....##.oo###### #####
#..###..........# #...
#...............# #.##
#......#.#......########.##
##########............#....
.................+.... ,
..........)......##.##


You could see an orc priest, an orc wizard and an orc.

Vanquished Creatures
  The ghost of bumaa the Skirmisher, an amateur GrFi of Gozag (D:4)
  2 ogres
  A scorpion (D:4)
  A howler monkey (D:4)
  A crimson imp (D:3)
  An orc wizard (D:3)
  4 worker ants (D:4)
  2 hound zombies
  4 gnolls
  9 adders
  An ooze (D:4)
  2 worms (D:2)
  2 leopard geckos
  8 orcs
  4 bats
  2 bat zombies (D:2)
  2 giant cockroaches
  12 goblins
  8 hobgoblins
  8 jackals
  7 kobolds
  3 quokkas
  A ball python (D:3)
  7 frilled lizards
  A quokka skeleton (D:4)
  4 rats
98 creatures vanquished.

Vanquished Creatures (others)
  An orc wizard (D:4)
1 creature vanquished.

Grand Total: 99 creatures vanquished

Notes
Turn   | Place    | Note
-------+----------+-------------------------------------------
     0 | D:1      | wolfsongas the Deep Dwarf Fighter began the quest for the Orb.
     0 | D:1      | Reached XP level 1. HP: 20/20 MP: 1/1
    27 | D:1      | Found a shattered altar of Ashenzari.
    44 | D:1      | Reached XP level 2. HP: 17/27 MP: 2/2
    54 | D:1      | Reached skill level 1 in Dodging
    80 | D:1      | Reached XP level 3. HP: 19/33 MP: 3/3
   788 | D:2      | Reached XP level 4. HP: 29/42 MP: 4/4
  1027 | D:2      | Noticed an ogre
  1043 | D:2      | Killed an ogre
  1043 | D:2      | Reached XP level 5. HP: 41/49 MP: 4/4
  1149 | D:2      | Gained mutation: Armour fits poorly on your strangely shaped body. [potion of mutation]
  1149 | D:2      | Gained mutation: You passively map the area around you. [potion of mutation]
  1149 | D:2      | Gained mutation: You have a beak for a mouth. [potion of mutation]
  1329 | D:3      | Found a basalt altar of Yredelemnul.
  1329 | D:3      | Found a blossoming altar of Fedhas.
  1332 | D:3      | Found a glowing golden altar of the Shining One.
  1547 | D:3      | Reached XP level 6. HP: 34/56 MP: 5/5
  1795 | D:4      | Noticed bumaa's ghost (amateur GrFi)
  1807 | D:4      | Killed bumaa's ghost
  1808 | D:4      | Reached skill level 5 in Axes
  1815 | D:4      | Reached XP level 7. HP: 10/63 MP: 6/6
  2315 | D:4      | Found an iron altar of Okawaru.
  2328 | D:4      | Reached skill level 5 in Shields
  2393 | D:4      | Killed from afar by an orc priest

Vault maps used:
D:1:      lightli_arrival_flooded_house, ashenzari_altar_1
D:2:      serial_undead, serial_undead_e, serial_undead_e, serial_undead_c,
          serial_undead_f, serial_undead_a, serial_undead_f
D:3:      grunt_temple_overflow_open, feat_on_display
D:4:      okawaru_altar_gauntlet_db, first_ration, item_on_display_a

Skill      XL: |  1  2  3  4  5  6  7 |
---------------+----------------------+-----
Dodging        | 1 2 3 |  3.6
Axes           | 3 4 5 |  5.7
Fighting       | 3 4 |  4.1
Armour         | 4 |  4.9
Shields        | 4 5 |  5.0

Action                   |  1- 3 |  4- 6 |  7- 9 || total
-------------------------+-------+-------+-------++-------
Melee: War axe           |    95 |   124 |    79 ||   298
       Peck              |       |    24 |    13 ||    37
 Abil: Heal Wounds       |       |     1 |     2 ||     3
  Use: Scroll            |     3 |     9 |       ||    12
       Potion            |     3 |     3 |     2 ||     8
  Eat: Chunk             |       |     3 |     2 ||     5
Armor: Scale mail        |    67 |    58 |    15 ||   140
       Skin              |       |       |     3 ||     3
Dodge: Dodged            |    39 |    51 |    32 ||   122
Block: Shield            |    60 |    67 |    51 ||   178

Table legend:
 A = Spawn XP
 B = Non-spawn XP
 C = Spawn XP percentage of total XP
 D = Spawn monster count
 E = Non-spawn monster count
 F = Spawn count percentage of total count
 G = Total turns spent on level
                    A         B        C        D         E        F      G
               +---------+---------+-------+---------+---------+-------+---------
         Total |       0 |    1153 |   0.0 |       0 |      99 |   0.0 |  2393
               +---------+---------+-------+---------+---------+-------+---------
           D:1 |       0 |      55 |   0.0 |       0 |      24 |   0.0 |   533
           D:2 |       0 |     247 |   0.0 |       0 |      25 |   0.0 |   796
           D:3 |       0 |     165 |   0.0 |       0 |      24 |   0.0 |   466
           D:4 |       0 |     686 |   0.0 |       0 |      26 |   0.0 |   598
               +---------+---------+-------+---------+---------+-------+---------
